TOP OF THE 1ST |
Bishop Gorman HS Balbasaurs batting - Pitching for Broken Arrow HS : LHP Joaquín Galtán
|
Pitching: LHP Joaquín Galtán
|
|
Batting: RHB Lynwood Bryant
|
0-0: Called Strike 0-1: Foul Ball, location: 2F 0-2: Ball 1-2: Ball 2-2: Fly out, F8 (Flyball, 8LM)
|
Batting: RHB Júlio García
|
0-0: Called Strike 0-1: Foul Ball, location: 2F 0-2: Strikes out looking
|
Batting: RHB Valentín Martínez
|
0-0: Called Strike 0-1: Called Strike 0-2: SINGLE (Groundball, 34) (infield hit)
|
Batting: RHB Alan Stephens
|
0-0: Swinging Strike 0-1: Swinging Strike 0-2: Ball 1-2: Strikes out swinging
|
Top of the 1st over - 0 runs, 1 hit, 0 errors, 1 left on base; Bishop Gorman HS 0 - Broken Arrow HS 0 |
BOTTOM OF THE 1ST |
Broken Arrow HS batting - Pitching for Bishop Gorman HS Balbasaurs : RHP Steve Brown
|
Pitching: RHP Steve Brown
|
|
Batting: RHB Bo Long
|
0-0: Ball 1-0: Foul Ball, location: 2F 1-1: Foul Ball, location: 2F 1-2: Foul Ball, location: 2F 1-2: SINGLE (Line Drive, 9)
|
Batting: LHB James Carlson
|
0-0: Ball 1-0: Called Strike 1-1: Ball 2-1: Fly out, F4 (Line Drive, 4)
|
Batting: RHB Alejandro Vélez
|
0-0: Foul Ball, location: 2F 0-1: Foul Ball, location: 2F 0-2: SINGLE (Groundball, 6MD) Bo Long to second
|
Batting: LHB Michael Keller
|
0-0: Called Strike 0-1: SINGLE (Line Drive, 78M) Bo Long to third Alejandro Vélez to second
|
Batting: RHB Donnie Bryan
|
0-0: Ball 1-0: Ball 2-0: Ball 3-0: Called Strike 3-1: Called Strike 3-2: Base on Balls Bo Long scores Alejandro Vélez to third Michael Keller to second
|
Batting: SHB Heath Rhodes
|
0-0: Ball 1-0: Ball 2-0: Ground out 6-3 (Groundball, 6S) Alejandro Vélez scores Michael Keller to third Donnie Bryan to second
|
Batting: LHB Mac Little
|
0-0: Called Strike 0-1: Foul Ball, location: 2F 0-2: Ball 1-2: Strikes out looking
|
Bottom of the 1st over - 2 runs, 3 hits, 0 errors, 2 left on base; Bishop Gorman HS 0 - Broken Arrow HS 2 |
TOP OF THE 2ND |
Bishop Gorman HS Balbasaurs batting - Pitching for Broken Arrow HS : LHP Joaquín Galtán
|
Batting: SHB Cisco Moreno
|
0-0: Ball 1-0: Swinging Strike 1-1: Foul Ball, location: 2F 1-2: Foul Ball, location: 2F 1-2: SOLO HOME RUN (Flyball, 7LD), Distance : 353 ft
|
Batting: RHB Michael Sanford
|
0-0: Ball 1-0: Foul Ball, location: 2F 1-1: Ball 2-1: Called Strike 2-2: Foul Ball, location: 2F 2-2: DOUBLE (Flyball, 89XD)
|
Batting: RHB William Young
|
0-0: Ball 1-0: Called Strike 1-1: Ball 2-1: Foul Ball, location: 2F 2-2: Ball 3-2: Base on Balls
|
Batting: RHB River Oliver
|
0-0: Ball 1-0: Ball 2-0: SINGLE (Flyball, 89M) Michael Sanford to third William Young to second
|
Batting: LHB Michel Gélinas
|
0-0: Ball 1-0: Ball 2-0: Ball 3-0: Base on Balls Michael Sanford scores William Young to third River Oliver to second
|
Batting: RHB Lynwood Bryant
|
0-0: Called Strike 0-1: Ball 1-1: Ball 2-1: Ball 3-1: SINGLE (Groundball, 4MD) William Young scores River Oliver to third Michel Gélinas to second Runner from 3rd tries for Home, throw and OUT!
|
Batting: RHB Júlio García
|
0-0: Ball 1-0: Ball 2-0: Ball 3-0: Called Strike 3-1: Foul Ball, location: 2F 3-2: Strikes out swinging
|
Batting: RHB Valentín Martínez
|
0-0: Ball 1-0: Ball 2-0: Called Strike 2-1: Ball 3-1: Foul Ball, location: 2F 3-2: Base on Balls Michel Gélinas to third Lynwood Bryant to second
|
Batting: RHB Alan Stephens
|
0-0: Ball 1-0: Swinging Strike 1-1: Ball 2-1: Fly out, F8 (Flyball, 8LXD)
|
Top of the 2nd over - 3 runs, 4 hits, 0 errors, 3 left on base; Bishop Gorman HS 3 - Broken Arrow HS 2 |
BOTTOM OF THE 2ND |
Broken Arrow HS batting - Pitching for Bishop Gorman HS Balbasaurs : RHP Steve Brown
|
Batting: RHB James Thompson
|
0-0: Ball 1-0: Ball 2-0: Ball 3-0: Base on Balls
|
Batting: RHB Paul Dowd
|
0-0: Ball 1-0: Foul Ball, location: 2F 1-1: Called Strike 1-2: Ball 2-2: Strikes out looking
|
Batting: RHB Bo Long
|
0-0: Ball 1-0: Ball 2-0: Foul Ball, location: 2F 2-1: Ball 3-1: Base on Balls James Thompson to second
|
Batting: LHB James Carlson
|
0-0: Swinging Strike 0-1: Foul Ball, location: 2F 0-2: Ball 1-2: Ball Passed Ball! James Thompson to third Bo Long to second 2-2: SINGLE (Groundball, 34D) James Thompson scores Bo Long to third Runner from 3rd tries for Home, SAFE, no throw
|
Batting: RHB Alejandro Vélez
|
0-0: Foul Ball, location: 2F 0-1: Ball 1-1: Called Strike 1-2: Ball 2-2: Ball 3-2: Base on Balls James Carlson to second
|
Batting: LHB Michael Keller
|
0-0: Ball 1-0: Foul Ball, location: 2F 1-1: Foul Ball, location: 2F 1-2: Foul Ball, location: 2F 1-2: Ball 2-2: Fielders Choice at 2nd, 1-4 (Groundball, 15) James Carlson to third
|
Batting: RHB Donnie Bryan
|
0-0: Fielders Choice at 2nd, 6-4 (Groundball, 56)
|
Bottom of the 2nd over - 2 runs, 1 hit, 0 errors, 2 left on base; Bishop Gorman HS 3 - Broken Arrow HS 4 |
TOP OF THE 3RD |
Bishop Gorman HS Balbasaurs batting - Pitching for Broken Arrow HS : LHP Joaquín Galtán
|
Batting: SHB Cisco Moreno
|
0-0: Swinging Strike 0-1: Foul Ball, location: 2F 0-2: Foul Ball, location: 2F 0-2: Ball 1-2: Foul Ball, location: 2F 1-2: Ball 2-2: Ball 3-2: Foul Ball, location: 2F 3-2: Ground out 6-3 (Groundball, 56)
|
Batting: RHB Michael Sanford
|
0-0: Ball 1-0: SINGLE (Groundball, 56D)
|
Batting: RHB William Young
|
0-0: Called Strike 0-1: Swinging Strike 0-2: Fly out, F9 (Flyball, 9D)
|
Batting: RHB River Oliver
|
0-0: Ball 1-0: Foul Ball, location: 2F 1-1: Ball 2-1: Called Strike 2-2: Strikes out swinging
|
Top of the 3rd over - 0 runs, 1 hit, 0 errors, 1 left on base; Bishop Gorman HS 3 - Broken Arrow HS 4 |
BOTTOM OF THE 3RD |
Broken Arrow HS batting - Pitching for Bishop Gorman HS Balbasaurs : RHP Steve Brown
|
Batting: SHB Heath Rhodes
|
0-0: Foul Ball, location: 2F 0-1: Ground out 6-3 (Groundball, 6D)
|
Batting: LHB Mac Little
|
0-0: Foul Ball, location: 2F 0-1: Called Strike 0-2: Strikes out swinging
|
Batting: RHB James Thompson
|
0-0: Called Strike 0-1: Fly out, F6 (Popup, 6S)
|
Bottom of the 3rd over - 0 runs, 0 hits, 0 errors, 0 left on base; Bishop Gorman HS 3 - Broken Arrow HS 4 |
TOP OF THE 4TH |
Bishop Gorman HS Balbasaurs batting - Pitching for Broken Arrow HS : LHP Joaquín Galtán
|
Batting: LHB Michel Gélinas
|
0-0: Called Strike 0-1: Called Strike 0-2: Fly out, F8 (Flyball, 8LD)
|
Pitching: RHP Elvin Pierce
|
|
Batting: RHB Lynwood Bryant
|
0-0: Called Strike 0-1: Ball 1-1: Ball 2-1: Ball 3-1: Foul Ball, location: 2F 3-2: Base on Balls
|
Batting: RHB Júlio García
|
0-0: Foul Ball, location: 2F 0-1: Ball 1-1: Swinging Strike Throwing error on steal attempt, E2 Lynwood Bryant to third 1-2: SINGLE (Line Drive, 89S) Lynwood Bryant scores
|
Batting: RHB Valentín Martínez
|
0-0: Called Strike 0-1: Called Strike 0-2: Ball 1-2: SINGLE (Flyball, 78M) Júlio García to second
|
Batting: RHB Alan Stephens
|
0-0: Ball 1-0: Called Strike 1-1: Ball 2-1: Foul Ball, location: 2F 2-2: Fly out, F7 (Flyball, 78D)
|
Batting: SHB Cisco Moreno
|
0-0: Ground out 4-3 (Groundball, 34D)
|
Top of the 4th over - 1 run, 2 hits, 1 error, 2 left on base; Bishop Gorman HS 4 - Broken Arrow HS 4 |
BOTTOM OF THE 4TH |
Broken Arrow HS batting - Pitching for Bishop Gorman HS Balbasaurs : RHP Steve Brown
|
Batting: RHB Paul Dowd
|
0-0: Swinging Strike 0-1: Foul Ball, location: 2F 0-2: Ground out 6-3 (Groundball, 6)
|
Batting: RHB Bo Long
|
0-0: Foul Ball, location: 2F 0-1: SINGLE (Line Drive, 6D)
|
Batting: LHB James Carlson
|
0-0: Ball 1-0: Ball 2-0: Ball 3-0: Foul Ball, location: 2F 3-1: Called Strike 3-2: Base on Balls Bo Long to second
|
Batting: RHB Alejandro Vélez
|
0-0: Foul Ball, location: 2F 0-1: Ball 1-1: Ball 2-1: Fly out, F5 (Line Drive, 5L)
|
Pitching: RHP Mike Peters
|
|
Batting: LHB Michael Keller
|
0-0: Ball 1-0: Ball 2-0: SINGLE (Groundball, 4MD) Bo Long to third James Carlson to second Runner from 3rd tries for Home, SAFE, throw made home
|
Batting: RHB Donnie Bryan
|
0-0: Foul Ball, location: 2F 0-1: Ball 1-1: Ball 2-1: Ball 3-1: SINGLE (Line Drive, 6MD) James Carlson to third Michael Keller to second Runner from 3rd tries for Home, SAFE, no throw
|
Batting: SHB Heath Rhodes
|
0-0: Ball 1-0: Ball 2-0: Called Strike 2-1: Swinging Strike 2-2: Ground out 4-3 (Groundball, 4)
|
Bottom of the 4th over - 2 runs, 3 hits, 0 errors, 2 left on base; Bishop Gorman HS 4 - Broken Arrow HS 6 |
TOP OF THE 5TH |
Bishop Gorman HS Balbasaurs batting - Pitching for Broken Arrow HS : RHP Elvin Pierce
|
Batting: RHB Michael Sanford
|
0-0: Called Strike 0-1: Ball 1-1: Foul Ball, location: 2F 1-2: Ball 2-2: Ball 3-2: Foul Ball, location: 2F 3-2: SINGLE (Line Drive, 6MD)
|
Batting: RHB William Young
|
0-0: Called Strike 0-1: Ball 1-1: Ball 2-1: Foul Ball, location: 2F 2-2: Ball 3-2: Fly out, F3 (Popup, 34S)
|
Batting: RHB River Oliver
|
0-0: Ball 1-0: Foul Ball, location: 2F 1-1: SINGLE (Groundball, 6MD) Michael Sanford to second
|
Batting: LHB Michel Gélinas
|
0-0: Ball 1-0: Ball 2-0: Called Strike 2-1: Ball 3-1: Base on Balls Michael Sanford to third River Oliver to second
|
Batting: RHB Lynwood Bryant
|
0-0: Foul Ball, location: 2F 0-1: Foul Ball, location: 2F 0-2: Foul Ball, location: 2F 0-2: Grounds into double play, 6-4-3 (Groundball, 6)
|
Top of the 5th over - 0 runs, 2 hits, 0 errors, 2 left on base; Bishop Gorman HS 4 - Broken Arrow HS 6 |
BOTTOM OF THE 5TH |
Broken Arrow HS batting - Pitching for Bishop Gorman HS Balbasaurs : RHP Mike Peters
|
Batting: LHB Mac Little
|
0-0: Ball 1-0: Called Strike 1-1: Foul Ball, location: 2F 1-2: Ball 2-2: Ground out U3 (Groundball, 3)
|
Pitching: RHP Max Marsh
|
|
Batting: RHB James Thompson
|
0-0: Ball 1-0: Foul Ball, location: 2F 1-1: Called Strike 1-2: Ball 2-2: Ball 3-2: Ground out 1-3 (Groundball, 13)
|
Batting: RHB Paul Dowd
|
0-0: Ball 1-0: Ball 2-0: Ball 3-0: Base on Balls
|
Batting: RHB Bo Long
|
0-0: Ball 1-0: DOUBLE (Line Drive, 9LM) Paul Dowd to third Runner from 3rd tries for Home, SAFE, no throw
|
Batting: LHB James Carlson
|
0-0: SINGLE (Groundball, 34D) Bo Long to third Runner from 3rd tries for Home, SAFE, throw made home
|
Batting: RHB Alejandro Vélez
|
0-0: Ball 1-0: Ball 2-0: Ball 3-0: Called Strike 3-1: Base on Balls James Carlson to second
|
Batting: LHB Michael Keller
|
0-0: Called Strike 0-1: Foul Ball, location: 2F 0-2: Ball 1-2: Ball 2-2: Fly out, F8 (Flyball, 8RD)
|
Bottom of the 5th over - 2 runs, 2 hits, 0 errors, 2 left on base; Bishop Gorman HS 4 - Broken Arrow HS 8 |
TOP OF THE 6TH |
Bishop Gorman HS Balbasaurs batting - Pitching for Broken Arrow HS : RHP Elvin Pierce
|
Batting: RHB Júlio García
|
0-0: Swinging Strike 0-1: Fly out, F7 (Line Drive, 7)
|
Batting: RHB Valentín Martínez
|
0-0: Ball 1-0: Called Strike 1-1: Foul Ball, location: 2F 1-2: Fly out, F7 (Flyball, 7LSF)
|
Batting: RHB Alan Stephens
|
0-0: Ball 1-0: Swinging Strike 1-1: Ball 2-1: Ball 3-1: Called Strike 3-2: Foul Ball, location: 2F 3-2: Fly out, F7 (Flyball, 7LS)
|
Top of the 6th over - 0 runs, 0 hits, 0 errors, 0 left on base; Bishop Gorman HS 4 - Broken Arrow HS 8 |
BOTTOM OF THE 6TH |
Broken Arrow HS batting - Pitching for Bishop Gorman HS Balbasaurs : RHP Max Marsh
|
Batting: RHB Donnie Bryan
|
0-0: Ball 1-0: SINGLE (Groundball, 56D)
|
Batting: SHB Heath Rhodes
|
0-0: Called Strike 0-1: DOUBLE (Flyball, 8RD) Donnie Bryan to third Runner from 3rd tries for Home, SAFE, no throw
|
Batting: LHB Mac Little
|
0-0: Ball 1-0: Foul Ball, location: 2F 1-1: Ball 2-1: Ball 3-1: Ground out 6-3 (Groundball, 6M) Heath Rhodes to third
|
Batting: RHB James Thompson
|
0-0: Called Strike 0-1: Ball 1-1: Ground out 4-3 (Groundball, 34S)
|
Batting: RHB Paul Dowd
|
0-0: Called Strike 0-1: Called Strike 0-2: Ball 1-2: Strikes out swinging
|
Bottom of the 6th over - 1 run, 2 hits, 0 errors, 1 left on base; Bishop Gorman HS 4 - Broken Arrow HS 9 |
TOP OF THE 7TH |
Bishop Gorman HS Balbasaurs batting - Pitching for Broken Arrow HS : RHP Elvin Pierce
|
Batting: SHB Cisco Moreno
|
0-0: SINGLE (Groundball, 34S) (infield hit)
|
Batting: RHB Michael Sanford
|
0-0: Ball 1-0: Foul Ball, location: 2F 1-1: Foul Ball, location: 2F 1-2: Ball 2-2: Ball 3-2: SINGLE (Flyball, 7LM) Cisco Moreno to second
|
Batting: RHB William Young
|
0-0: Called Strike 0-1: Ball 1-1: Foul Ball, location: 2F 1-2: Ball 2-2: Foul Ball, location: 2F 2-2: DOUBLE (Line Drive, 89XD) Cisco Moreno scores Michael Sanford to third
|
Pitching: RHP Larry Gray
|
|
Batting: RHB River Oliver
|
0-0: Single, Error in OF, E8, batter to second base Michael Sanford scores William Young scores
|
Batting: LHB Michel Gélinas
|
0-0: Ball 1-0: Fly out, F7 (Flyball, 7S)
|
Batting: RHB Lynwood Bryant
|
0-0: Called Strike 0-1: Swinging Strike 0-2: Strikes out looking
|
Batting: RHB Júlio García
|
0-0: Ball 1-0: Ball 2-0: Ball 3-0: Called Strike 3-1: Ground out 6-3 (Groundball, 6)
|
Top of the 7th over - 3 runs, 4 hits, 1 error, 1 left on base; Bishop Gorman HS 7 - Broken Arrow HS 9 |
BOTTOM OF THE 7TH |
Broken Arrow HS batting - Pitching for Bishop Gorman HS Balbasaurs : RHP Max Marsh
|
Pitching: RHP Joaquín Ruíz
|
|
Batting: RHB Bo Long
|
0-0: Called Strike 0-1: Ball 1-1: SINGLE (Line Drive, 6D)
|
Batting: LHB James Carlson
|
0-0: Bunt missed! 0-1: Ball 1-1: Bunted foul 1-2: Strikes out swinging
|
Batting: RHB Alejandro Vélez
|
0-0: Ball 1-0: Ball 2-0: Ball 3-0: Called Strike 3-1: Base on Balls Bo Long to second
|
Batting: LHB Michael Keller
|
0-0: Swinging Strike 0-1: Called Strike 0-2: Strikes out swinging
|
Batting: RHB Donnie Bryan
|
0-0: Ball 1-0: Called Strike 1-1: Swinging Strike 1-2: Ball 2-2: Foul Ball, location: 2F 2-2: Ground out 3-1 (Groundball, 34S)
|
Bottom of the 7th over - 0 runs, 1 hit, 0 errors, 2 left on base; Bishop Gorman HS 7 - Broken Arrow HS 9 |
TOP OF THE 8TH |
Bishop Gorman HS Balbasaurs batting - Pitching for Broken Arrow HS : RHP Larry Gray
|
Now at 2B: Keith Dailey
|
|
Batting: RHB Valentín Martínez
|
0-0: Ball 1-0: Swinging Strike 1-1: Fly out, F9 (Flyball, 9LD)
|
Batting: RHB Alan Stephens
|
0-0: Ball 1-0: Ball 2-0: Ball 3-0: Called Strike 3-1: SINGLE (Groundball, 6) (infield hit)
|
Batting: SHB Cisco Moreno
|
0-0: Ball 1-0: Swinging Strike 1-1: Ball 2-1: Called Strike 2-2: Strikes out swinging
|
Batting: RHB Michael Sanford
|
0-0: Ball 1-0: Ball 2-0: Foul Ball, location: 2F 2-1: Ball 3-1: Base on Balls Alan Stephens to second
|
Batting: RHB William Young
|
0-0: Ball 1-0: Called Strike 1-1: Ground out U3 (Groundball, 34)
|
Top of the 8th over - 0 runs, 1 hit, 0 errors, 2 left on base; Bishop Gorman HS 7 - Broken Arrow HS 9 |
BOTTOM OF THE 8TH |
Broken Arrow HS batting - Pitching for Bishop Gorman HS Balbasaurs : RHP Joaquín Ruíz
|
Batting: SHB Heath Rhodes
|
0-0: Ball 1-0: Called Strike 1-1: Ball 2-1: DOUBLE (Flyball, 8LXD)
|
Batting: LHB Mac Little
|
0-0: Intentional Walk
|
Batting: RHB James Thompson
|
0-0: Ball 1-0: Ball 2-0: Foul Ball, location: 2F 2-1: SINGLE (Groundball, 4MD) Heath Rhodes to third Mac Little to second
|
Batting: RHB Paul Dowd
|
0-0: Ball 1-0: Called Strike 1-1: Ball 2-1: Foul Ball, location: 2F 2-2: Strikes out looking
|
Batting: RHB Bo Long
|
0-0: Ball 1-0: Ball Passed Ball! Heath Rhodes scores Mac Little to third James Thompson to second 2-0: Ball 3-0: Base on Balls
|
Batting: LHB James Carlson
|
0-0: Ball 1-0: Ball 2-0: Ball 3-0: Called Strike 3-1: Base on Balls Mac Little scores James Thompson to third Bo Long to second
|
Batting: RHB Alejandro Vélez
|
0-0: Ball 1-0: DOUBLE (Line Drive, 89D) James Thompson scores Bo Long scores James Carlson to third Runner from 3rd tries for Home, throw and OUT! Alejandro Vélez to third
|
Batting: LHB Michael Keller
|
0-0: Swinging Strike 0-1: SINGLE (Line Drive, 4M) Alejandro Vélez scores
|
Batting: RHB Keith Dailey
|
0-0: Swinging Strike 0-1: Swinging Strike 0-2: Ball 1-2: Strikes out looking
|
Bottom of the 8th over - 5 runs, 4 hits, 0 errors, 1 left on base; Bishop Gorman HS 7 - Broken Arrow HS 14 |
TOP OF THE 9TH |
Bishop Gorman HS Balbasaurs batting - Pitching for Broken Arrow HS : RHP Larry Gray
|
Batting: RHB River Oliver
|
0-0: Called Strike 0-1: Called Strike 0-2: Ball 1-2: SINGLE (Groundball, 6) (infield hit)
|
Batting: LHB Michel Gélinas
|
0-0: SINGLE (Groundball, 25) (infield hit) River Oliver to second
|
Batting: RHB Lynwood Bryant
|
0-0: Ball 1-0: Ball 2-0: Called Strike 2-1: Ball 3-1: Base on Balls River Oliver to third Michel Gélinas to second
|
Batting: RHB Júlio García
|
0-0: Ball 1-0: Ball 2-0: Foul Ball, location: 2F 2-1: Foul Ball, location: 2F 2-2: Strikes out swinging
|
Batting: RHB Valentín Martínez
|
0-0: Ball 1-0: SINGLE (Flyball, 8RS) River Oliver scores Michel Gélinas to third Lynwood Bryant to second
|
Batting: RHB Alan Stephens
|
0-0: Foul Ball, location: 2F 0-1: Called Strike 0-2: Ball 1-2: Strikes out swinging
|
Batting: SHB Cisco Moreno
|
0-0: Ball 1-0: Ball 2-0: Swinging Strike 2-1: Foul Ball, location: 2F 2-2: Ball Passed Ball! Michel Gélinas scores Lynwood Bryant to third Valentín Martínez to second 3-2: Base on Balls
|
Batting: RHB Michael Sanford
|
0-0: Ball 1-0: Ball 2-0: Ball 3-0: Base on Balls Lynwood Bryant scores Valentín Martínez to third Cisco Moreno to second
|
Batting: RHB William Young
|
0-0: Called Strike 0-1: Swinging Strike 0-2: Foul Ball, location: 2F 0-2: Ball Passed Ball! Valentín Martínez scores Cisco Moreno to third Michael Sanford to second 1-2: Foul Ball, location: 2F 1-2: Strikes out swinging
|
Top of the 9th over - 4 runs, 3 hits, 0 errors, 2 left on base; Bishop Gorman HS 11 - Broken Arrow HS 14 |
|